Map: Ulrena

Players

Rookie - Winner!

  • Race: Terran Terran
  • League: Gold

capac

  • Race: Terran Terran
  • League: Gold

VOD

Have the link to the VOD?

Description

Time

  • Played on: April 10, 2016, 2:03 p.m.
  • Length: 4:39
Show
View Real Time Build Order
Export as new Build Order

Rookie Terran - Winner!

Build Orders: 1/1/1, Widow Mine Drop 

Get SALT Encoding   

  12  0:02  SCV  
  13  0:14  SCV  
  13  0:19  Supply Depot  
  14  0:26  SCV  
  15  0:29  Refinery  
  15  0:41  Barracks  
  15  0:45  SCV  
  16  0:57  SCV  
  17  1:09  SCV  
  18  1:26  Refinery  
  18  1:28  Supply Depot  
  18  1:30  Factory  
  18  1:34  Orbital Command  
  18  1:39  Marine  
  19  1:57  Marine  
  19  2:00  SCV  
  21  2:15  Widow Mine, Starport  
  23  2:22  Starport  
  23  2:27  SCV  
  23  2:29  Marine  
  25  2:39  SCV  
  25  2:43  Widow Mine  
  26  2:48  Marine  
  29  2:53  Supply Depot, Medivac  
  31  3:00  Starport Tech Lab  
  31  3:14  Factory Tech Lab  
  31  3:15  SCV  
  32  3:27  Supply Depot  
  32  3:40  Banshee x2  
  38  4:12  SCV  
  38  4:16  Supply Depot  
  39  4:22  Command Center  
  35  4:27  Engineering Bay  
Show
View Real Time Build Order
Export as new Build Order

capac Terran 

Build Orders:  

Get SALT Encoding   

  12  0:00  SCV  
  13  0:12  SCV  
  14  0:18  Supply Depot  
  14  0:29  SCV  
  15  0:41  Barracks, SCV  
  16  0:51  Refinery  
  16  0:53  SCV  
  17  1:05  SCV  
  18  1:17  SCV  
  19  1:28  Supply Depot  
  19  1:30  Orbital Command  
  19  1:31  Marine  
  20  1:49  Marine  
  20  1:53  Factory  
  21  1:55  Refinery  
  21  1:56  SCV  
  22  2:08  Marine, SCV  
  24  2:21  SCV  
  25  2:30  Marine  
  25  2:35  SCV  
  27  2:39  Starport  
  27  2:41  Factory Tech Lab  
  27  2:47  SCV  
  27  2:48  Marine  
  27  2:50  Supply Depot  
  29  2:59  SCV  
  30  3:13  SCV  
  30  3:17  Supply Depot  
  31  3:22  Starport  
  31  3:24  Factory Tech Lab  
  31  3:29  Banshee  
  34  3:34  SCV  
  34  3:40  Marine, Command Center  
Tags
 
League
GoldGold
Matchup
TvT
Opening
1/1/1
Race
Terran
Add a new tag
Caveats
  • Supply blocks, unpowered buildings, or Contaminate may cause inaccurate times.
  • Supply counts are checked every 10 seconds.